 Dungeon Crawl Stone Soup version 0.21.1-1-g345015f (webtiles) character file.

751 HammerPanzer the Slasher (level 7, -1/94 HPs)
             Began as a Pale Draconian Berserker on Apr 3, 2018.
             Was a Priest of Trog.
             Slain by an orc
             ... wielding a +0 mace
              (7 damage)
             ... on level 5 of the Dungeon.
             The game lasted 00:08:46 (3510 turns).

HammerPanzer the Slasher (Pale Draconian Berserker) Turns: 3510, Time: 00:08:47

Health: -1/94      AC: -2    Str: 27    XL:     7   Next: 49%
Magic:  7/7        EV: 12    Int:  7    God:    Trog [***...]
Gold:   230        SH:  0    Dex: 10    Spells: 6/6 levels left

rFire    . . .     SeeInvis .   a - +3 falchion
rCold    + . .     Gourm    +   (no shield)
rNeg     + . .     Faith    .   (armour unavailable)
rPois    .         Spirit   .   (helmet restricted)
rElec    .         Reflect  .   (no cloak)
rCorr    .         Harm     .   (no gloves)
MR       .....                  (no boots)
Stlth    ..........             q - amulet of the gourmand
HPRegen  0.25/turn              m - ring of protection from cold
MPRegen  0.10/turn              p - ring of positive energy

@: berserking (expiring), corroded, very quick
A: breathe steam, unfitting armour, cold-blooded, AC +6
a: Breathe Steam, Berserk, Trog's Hand, Burn Spellbooks, Renounce Religion


You were on level 5 of the Dungeon.
You worshipped Trog.
Trog was most pleased with you.
You were very full.

You visited 1 branch of the dungeon, and saw 5 of its levels.

You collected 230 gold pieces.

Inventory:

Hand Weapons
 a - a +3 falchion (weapon)
Jewellery
 m - a ring of protection from cold (left hand)
 p - a ring of positive energy (right hand)
 q - an amulet of the gourmand (around neck)
Wands
 n - a wand of paralysis (11)
 r - a wand of flame (34)
Scrolls
 h - a scroll of fog
Potions
 d - 2 potions of flight
 e - 2 potions of haste
 f - a potion of brilliance
 g - a potion of berserk rage {unknown}
 i - 4 potions of heal wounds
 j - 7 potions of curing
 k - a potion of cancellation
 o - a potion of might {unknown}
 s - a potion of mutation {unknown}
Comestibles
 b - 14 rations
 c - a chunk of flesh


   Skills:
 + Level 6.2 Fighting
 * Level 7.5 Long Blades
 - Level 2.6 Dodging


You had 6 spell levels left.
You didn't know any spells.

Dungeon Overview and Level Annotations

Branches:
Dungeon (5/15)             Temple (0/1) D:4

Altars:
Cheibriados
Dithmenos
Vehumet
The Shining One


Innate Abilities, Weirdness & Mutations

You can breathe blasts of scalding, opaque steam.
Your pale cyan-grey scales are hard. (AC +6)
You cannot fit into any form of body armour.
You are cold-blooded and may be slowed by cold attacks.


Message History

The centaur hits you.
* * * LOW HITPOINT WARNING * * *
The orc hits you.
* * * LOW HITPOINT WARNING * * *
You slash the centaur!
You kill the centaur!
Trog accepts your kill.
The orc barely misses you. x2; You riposte.
You completely miss the orc. You hit the orc.
The orc is lightly wounded.
You barely miss the orc.
The orc is lightly wounded.
The orc closely misses you. The orc hits you with a mace.
* * * LOW HITPOINT WARNING * * *
You slash the orc!
You feel the power of Trog in you as your rage grows.
You kill the orc!
Trog accepts your kill. The orc hits you with a mace!
You die...

#.# #..###### # #.#
#.........#. # #.#
.........' #.#
........# #.#####
#.......#
####.....####....o..#
...........##.......#
#####....#.##..)o...#
#......### #...@o..#
#......# .##...(...#
+......# ..#...(...#
#......# #.#####.###
#......# #.## #.#
#......####..####.####
+....................#
#......#####.####.##.#
######..........#.##.#


You could see 3 orcs.

Vanquished Creatures
  Sigmund (D:3)
  A centaur (D:5)
  The ghost of HammerPanzer the Slasher, a weakling DsBe of Trog (D:3)
  A howler monkey (D:4)
  2 jellies (D:5)
  4 orc wizards (D:4)
  An orc priest (D:4)
  An iguana (D:5)
  2 worker ants
  7 adders
  A shadow imp (D:5)
  A worm (D:3)
  5 dart slugs
  2 leopard geckos (D:4)
  14 orcs
  5 bats
  2 giant cockroaches (D:1)
  3 hobgoblins (D:3)
  3 jackals (D:1)
  3 kobolds
  2 quokkas
  A ball python (D:2)
  9 frilled lizards
  6 goblins
  5 rats
83 creatures vanquished.

Notes
Turn   | Place    | Note
-------+----------+-------------------------------------------
     0 | D:1      | HammerPanzer the Draconian Berserker began the quest for the Orb.
     0 | D:1      | Reached XP level 1. HP: 19/19 MP: 1/1
   179 | D:1      | Reached XP level 2. HP: 21/26 MP: 2/2
   543 | D:2      | Reached XP level 3. HP: 24/33 MP: 3/3
   751 | D:2      | Reached skill level 4 in Long Blades
   786 | D:2      | Found a snail-covered altar of Cheibriados.
   904 | D:2      | HP: 1/33 [poisoned by a worker ant]
  1712 | D:3      | Reached XP level 4. HP: 30/40 MP: 4/4
  1757 | D:3      | Noticed HammerPanzer's ghost (weakling DsBe)
  1884 | D:3      | Noticed Sigmund
  1897 | D:3      | Killed Sigmund
  1897 | D:3      | Reached skill level 5 in Long Blades
  1897 | D:3      | Reached XP level 5. HP: 47/47 MP: 5/5
  1963 | D:3      | Reached skill level 5 in Fighting
  1994 | D:3      | Found a glowing golden altar of the Shining One.
  2026 | D:3      | Reached ** piety under Trog
  2033 | D:3      | Killed HammerPanzer's ghost
  2033 | D:3      | Reached XP level 6. HP: 56/56 MP: 6/6
  2188 | D:3      | Reached skill level 6 in Long Blades
  2723 | D:4      | Found a radiant altar of Vehumet.
  2750 | D:4      | Found a staircase to the Ecumenical Temple.
  2810 | D:4      | Found a shadowy altar of Dithmenos.
  2989 | D:4      | Your scales start taking on a pale cyan-grey colour.
  2989 | D:4      | Reached XP level 7. HP: 51/62 MP: 7/7
  3167 | D:5      | Entered Level 5 of the Dungeon
  3212 | D:5      | Reached skill level 7 in Long Blades
  3507 | D:5      | Reached *** piety under Trog
  3510 | D:5      | Slain by an orc

Skill      XL: |  1  2  3  4  5  6  7 |
---------------+----------------------+-----
Long Blades    | 4 5 6 7 |  7.5
Fighting       | 4 5 6 |  6.2
Dodging        | |  2.6

Action                   |  1- 3 |  4- 6 |  7- 9 || total
-------------------------+-------+-------+-------++-------
Melee: Falchion          |    95 |   136 |    45 ||   276
       Tailslap          |    13 |    18 |     1 ||    32
Invok: Berserk           |     1 |     2 |     1 ||     4
 Abil: Breathe Steam     |       |       |     1 ||     1
  Use: Scroll            |       |    13 |     1 ||    14
 Stab: Sleeping          |     1 |       |       ||     1
  Eat: Chunk             |     2 |    22 |     2 ||    26
Armor: Skin              |    30 |    24 |     7 ||    61
Dodge: Dodged            |    77 |    65 |    26 ||   168
       Rpst.: Falchion   |    20 |    19 |     5 ||    44
